 Dungeon Crawl Stone Soup version 0.31.0-11-ge490571c62 (webtiles) character file.

Game seed: 18174331326520144152

147 puppykicker the Chiller (level 5, -1/36 HPs)
             Began as a Merfolk Ice Elementalist on Feb 1, 2024.
             Slain by an ogre
             ... wielding a +0 giant club
              (15 damage)
             ... on level 4 of the Dungeon.
             The game lasted 00:08:45 (2668 turns).

puppykicker the Chiller (Merfolk Ice Elementalist)  Turns: 2668, Time: 00:08:46

Health: -1/36      AC:  6    Str: 10    XL:     5   Next: 29%
Magic:  4/9        EV: 11    Int: 20    God:
Gold:   148        SH:  0    Dex: 15    Spells: 0/10 levels left

rFire   + . .        a - +0 rapier (drain)
rCold   . . .        (no shield)
rNeg    . . .        d - +1 ring mail {rF+} {rF+}
rPois   .            (no helmet)
rElec   .            (no cloak)
rCorr   .            (no gloves)
SInv    .            (no boots)
Will    .....        (no amulet)
Stlth   +            W - ring of wizardry {Wiz+}
HPRegen 0.26/turn    n - +6 ring of intelligence
MPRegen 0.11/turn

%: wizardry (x1)
@: freezing walls
A: (nimble swimmer 2), mertail
a: no special abilities


You were on level 4 of the Dungeon.
You visited 1 branch of the dungeon, and saw 4 of its levels.

You collected 148 gold pieces.

Inventory:

Hand Weapons
 a - a +0 rapier of draining (weapon)
 b - a +0 spear
 s - a +0 dagger of protection
 w - a +2 dagger of draining
Missiles
 g - 10 poisoned darts (quivered)
 j - 4 curare-tipped darts
Armour
 d - a +1 ring mail of fire resistance (worn) {rF+}
 t - a +0 helmet
Jewellery
 n - a +6 ring of intelligence (right hand)
 W - a ring of wizardry (left hand) {Wiz+}
Scrolls
 c - 4 scrolls of identify {unknown}
 e - a scroll of noise {unknown}
 h - a scroll of blinking {unknown}
 k - a scroll of fear {unknown}
 m - a scroll of teleportation {unknown}
 o - a scroll of enchant weapon {unknown}
 q - a scroll of immolation {unknown}
 r - a scroll of fog {unknown}
Potions
 f - 2 potions of curing {unknown}
 i - a potion of magic
 l - a potion of attraction {unknown}
 p - a potion of degeneration {unknown}


   Skills:
 + Level 0.3 Fighting
 * Level 0.9 Polearms
 - Level 2.6 Dodging
 - Level 2.1 Stealth
 + Level 3.1 Spellcasting
 + Level 1.1 Summonings
 + Level 6.0 Ice Magic


You couldn't memorise any spells.
You knew the following spells:

 Your Spells              Type           Power      Damage    Failure   Level
a - Freeze                Ice            100%       1d10      1%          1
b - Summon Ice Beast      Ice/Summ       17%        N/A       11%         3
o - Ozocubu's Armour      Ice            27%        N/A       4%          3
r - Frozen Ramparts       Ice            54%        1d9       4%          3

Your spell library contained the following spells:

 Spells                   Type           Power      Damage    Failure   Level
 Ensorcelled Hibernation  Hex/Ice        30%        N/A       6%          2
 Hailstorm                Conj/Ice       15%        3d6       13%         3
 Passwall                 Erth           3%         N/A       38%         3
 Swiftness                Air            3%         N/A       38%         3
 Sculpt Simulacrum        Ice/Alch       7%         N/A       99%         6


Dungeon Overview and Level Annotations

Branches:
Dungeon (4/15)
 Temple: D:4-7

Altars:
Gozag
Nemelex Xobeh
Trog


Innate Abilities, Weirdness & Mutations

((You are very nimble when in or above water. (Stealth+, EV+, Speed+++)))
Your lower body shifts to a powerful aquatic tail in water.


Message History

The orc wizard is heavily wounded.
The frozen ramparts melt away.
The orc wizard barely misses you.
You closely miss the orc wizard.
The orc wizard is heavily wounded.
The orc wizard casts a spell at you. The puff of flame hits you. You resist.
You take 1 damage, and have 32/33 hp.
Casting: Frozen Ramparts (dangerous; 4% risk of failure)
Confirm with . or Enter, or press ? or * to list all spells.
Casting: Frozen Ramparts (dangerous; 4% risk of failure)
Press: ? - help, Dir - look around, f - activate The walls around you are covered in ice.
The wall freezes the orc wizard.
The orc wizard hits you but does no damage.
The wall freezes the orc priest.
The orc priest hits you with a +0 whip.
The wall freezes the ogre!
The wall freezes something!
You take 4 damage, and have 28/33 hp.
You now have 4/9 mp.
You closely miss the orc wizard.
The orc wizard is severely wounded.
The wall freezes the orc wizard!
You kill the orc wizard!
The wall freezes the orc priest.
The wall freezes something but does no damage.
Your life force feels restored.
You regained 2 hp, and now have 30/36 hp.
You hit the ogre. You drain the ogre.
The ogre is heavily wounded.
The wall freezes the orc priest.
The orc priest barely misses you.
The wall freezes the ogre.
The ogre barely misses you.
You barely miss the ogre.
The ogre is heavily wounded.
The wall freezes the orc priest!
The orc priest mumbles some strange prayers to Beogh against you.
Beogh smites you!
* * * LOW HITPOINT WARNING * * *
The wall freezes something.
Reactivating autopickup.
You feel a bit more experienced.
The wall freezes the ogre!
The ogre hits you with a +0 giant club!
You die...

#..###...#
#####......... #
#..#.)[)...P###. #.
#..#)..<..##..## #..
#..##......_...#
##..##..##.....#P...#
........#######._.⌠.+
...o..o.##.....#....#
........#@.....#_PP.#
......).Oo.....##..##
###.#######'#########
#.###...###...##
#...'....#.....#
#...#....+.....#.
#...#............
#####...#.########
###.#........#


You could see an ogre (drained) and an orc priest.

Levels and vault maps discovered:
D:1:      saegor_arrival_under_anarchy, layout_loops_ring
D:2:      layout_loops_ring, st_stairs_12
D:3:      layout_loops_ring
D:4:      layout_gridville, kennysheep_vampire_church,
          gammafunk_temple_overflow_forgotten, minivault_27,
          chequers_serial_rivers_micro_a, uniq_ijyb, uniq_robin,
          uniq_blork_the_orc

Notes
Turn   | Place    | Note
-------+----------+-------------------------------------------
     0 | D:1      | puppykicker the Merfolk Ice Elementalist began the quest
                  | for the Orb.
     0 | D:1      | Reached XP level 1. HP: 13/13 MP: 3/3
    83 | D:1      | Identified a +0 short sword
   135 | D:1      | Identified a +0 club
   141 | D:1      | Reached XP level 2. HP: 19/19 MP: 3/5
   154 | D:1      | Identified a +0 robe
   254 | D:1      | Identified a +0 leather armour
   666 | D:1      | Identified a +0 club
   799 | D:2      | Identified a +0 quarterstaff
   912 | D:2      | Identified a +0 club
   926 | D:2      | Identified a +0 dagger
   926 | D:2      | Identified a +0 sling
  1015 | D:2      | Identified a +2 dagger of speed
  1020 | D:2      | Reached skill level 5 in Ice Magic
  1104 | D:2      | Identified a +0 dagger
  1110 | D:2      | Reached XP level 3. HP: 24/24 MP: 6/6
  1118 | D:2      | Identified a +0 club
  1180 | D:2      | Learned a level 3 spell: Frozen Ramparts
  1184 | D:2      | Learned a level 3 spell: Summon Ice Beast
  1218 | D:2      | Identified a +0 dagger
  1266 | D:2      | Identified a +0 dagger
  1288 | D:2      | Identified a +0 dagger
  1317 | D:2      | Identified a +0 short sword
  1390 | D:2      | Identified a +0 robe
  1541 | D:2      | Identified a +0 leather armour
  1541 | D:2      | Identified a +0 dagger
  1548 | D:2      | Identified a ring of wizardry
  1624 | D:2      | Reached XP level 4. HP: 25/30 MP: 8/8
  1626 | D:2      | Identified a +1 ring mail of fire resistance
  1766 | D:3      | Identified a +6 ring of intelligence
  2012 | D:3      | Identified a +0 dagger
  2012 | D:3      | Identified a +0 robe
  2044 | D:3      | Identified a +0 rapier of draining
  2075 | D:3      | Identified a +0 sling
  2078 | D:3      | Identified a +0 club
  2472 | D:4      | Identified a +0 spear
  2472 | D:4      | Identified a +0 animal skin
  2472 | D:4      | Identified a +0 helmet
  2472 | D:4      | Noticed Robin
  2472 | D:4      | Identified a +0 dagger of protection
  2472 | D:4      | Identified a +0 club
  2472 | D:4      | Identified a +0 club
  2472 | D:4      | Identified a +0 dagger
  2472 | D:4      | Identified a +0 dagger of speed
  2472 | D:4      | Identified a +0 dagger
  2472 | D:4      | Identified a +0 club
  2472 | D:4      | Identified a +2 dagger of draining
  2472 | D:4      | Identified a +0 club
  2472 | D:4      | Found a bloodstained altar of Trog.
  2472 | D:4      | Found a sparkling altar of Nemelex Xobeh.
  2472 | D:4      | Found an opulent altar of Gozag.
  2554 | D:4      | Reached skill level 3 in Spellcasting
  2554 | D:4      | Killed Robin
  2555 | D:4      | Reached skill level 1 in Summonings
  2555 | D:4      | Reached XP level 5. HP: 32/35 MP: 4/9
  2564 | D:4      | Reached skill level 6 in Ice Magic
  2607 | D:4      | Learned a level 3 spell: Ozocubu's Armour
  2650 | D:4      | Identified a +0 dagger
  2650 | D:4      | Identified a +0 robe
  2650 | D:4      | Identified a +0 dagger
  2650 | D:4      | Identified a +0 robe
  2650 | D:4      | Identified a +0 hand axe
  2650 | D:4      | Identified a +0 club
  2650 | D:4      | Identified a +0 leather armour
  2658 | D:4      | Identified a +0 whip
  2660 | D:4      | Identified a +0 giant club
  2660 | D:4      | Noticed an ogre
  2668 | D:4      | Slain by an ogre

Table legend: (Time is in decaauts)
 A = Elapsed time spent in this place.
 B = Non-inter-level travel time spent in this place.
 C = Inter-level travel time spent in this place.
 D = Time resting spent in this place.
 E = Time spent auto-exploring this place.
 F = Levels seen in this place.
 G = Mean time per level.
                   A        B        C        D        E       F      G
               +--------+--------+--------+--------+--------+-----+--------+
         Total |   2689 |   2619 |     70 |    401 |   1696 |   4 |  672.2 |
       Dungeon |   2689 |   2619 |     70 |    401 |   1696 |   4 |  672.2 |
               +--------+--------+--------+--------+--------+-----+--------+

Top non-repeatable levels by time:
     D:2: 977 daAuts
     D:1: 793 daAuts
     D:3: 789 daAuts
     D:4: 128 daAuts

Table legend:
 A = Kills in this place as a percentage of kills in the entire game.
 B = Kills by you in this place as a percentage of kills by you in the entire game.
 C = Kills by friends in this place as a percentage of kills by friends in the entire game.
 D = Other kills in this place as a percentage of other kills in the entire game.
 E = Experience gained in this place as a percentage of experience gained in the entire game.
 F = Experience gained in this place divided by the number of levels of this place that you have seen.
                   A       B       C       D       E      F
               +-------+-------+-------+-------+-------+----------------------
         Total | 100.0 | 100.0 |   N/A |   N/A | 100.0 |  61.2
       Dungeon | 100.0 | 100.0 |   N/A |   N/A | 100.0 |  61.2
               +-------+-------+-------+-------+-------+----------------------

Skill      XL: |  1  2  3  4  5 |
---------------+----------------+-----
Ice Magic      | 5 6 |  6.0
Spellcasting   | 3 |  3.1
Summonings     | 1 |  1.1
Fighting       | |  0.3
Polearms       | |  0.9
Dodging        | |  2.6
Stealth        | |  2.1

Action                     |  1- 3 |  4- 6 || total
---------------------------+-------+-------++-------
  Melee: Short sword       |    18 |       ||    18
         Quarterstaff      |    44 |     7 ||    51
         Rapier            |       |    49 ||    49
         Punch             |       |     1 ||     1
         Spear             |       |     2 ||     2
   Cast: Freeze            |    24 |    18 ||    42
         Frozen Ramparts   |       |     3 ||     3
   Stab: Sleeping          |     4 |     2 ||     6
         Distracted        |       |     1 ||     1
 Armour: Robe              |    43 |       ||    43
         Leather armour    |     1 |       ||     1
         Ring mail         |       |    55 ||    55
         Skin              |       |     1 ||     1
  Dodge: Dodged            |    46 |    45 ||    91

Vanquished Creatures
  2 orc wizards (D:4)
  Robin (D:4)
  2 adders
  4 dart slugs
  2 ribbon worms (D:3)
  2 orcs (D:4)
  3 bats
  6 endoplasms
  3 giant cockroaches
  17 goblins
  4 hobgoblins
  6 jackals
  6 kobolds
  3 quokkas
  3 ball pythons
  2 frilled lizards
  6 rats
72 creatures vanquished.
